 Dungeon Crawl Stone Soup version 0.31-a0-654-gbe3e110b4e (webtiles) character file.

Game seed: 15847910120741812404

3 Maratek the Covered (level 1, 18/19 HPs)
             Began as an Armataur Fighter on Aug 24, 2023.
             Quit the game on level 1 of the Dungeon on Aug 29, 2023.
             The game lasted 00:00:25 (141 turns).

Maratek the Covered (Armataur Fighter)               Turns: 141, Time: 00:00:26

Health: 18/19      AC:  7    Str: 21    XL:     1   Next: 41%
Magic:  1/1        EV:  7    Int:  8    God:
Gold:   0          SH:  4    Dex:  9    Spells: 0/0 levels left

rFire   . . .        a - +0 rapier
rCold   . . .        c - +0 buckler
rNeg    . . .        b - +0 scale mail
rPois   .            (no helmet)
rElec   .            (no cloak)
rCorr   .            (no gloves)
SInv    .            (no barding)
Will    .....        (no amulet) Stlth
                     (no ring)
HPRegen 0.23/turn    (no ring)
MPRegen 0.07/turn

%: roll
@: no status effects
A: large, rugged brown scales 3, deformed body, armoured tail, roll, long
tongue, awkward tongue
a: no special abilities


You were on level 1 of the Dungeon.
You visited 1 branch of the dungeon, and saw 1 of its levels.

Inventory:

Hand Weapons
 a - a +0 rapier (weapon)
Armour
 b - a +0 scale mail (worn)
 c - a +0 buckler (worn)
Scrolls
 f - a scroll of torment {unknown}
Potions
 d - a potion of might
 e - 2 potions of cancellation {unknown}


   Skills:
 + Level 2.7 Fighting
 + Level 1.8 Short Blades
 + Level 3.7 Armour
 + Level 3.3 Shields


You couldn't memorise any spells.
You didn't know any spells.
Your spell library was empty.

Dungeon Overview and Level Annotations

Branches:
Dungeon (1/15)

Altars:


Innate Abilities, Weirdness & Mutations

You are completely covered in rugged brown scales. (AC +3, +7% HP)
Armour fits poorly on your strangely shaped body.
You have a long armoured tail.
You roll when moving toward enemies. (Rampage)
Your long tongue fully drains potion bottles. (2x potion effects)
Your tongue gives you trouble enunciating. (1.5x scroll delay)


Message History

A rat comes into view.
A rat is nearby!
A rat is nearby!
You roll towards the rat!
The rat barely misses you.
You hit the rat but do no damage. The rat bites you.
You barely miss the rat. You tail-slap the rat.
You kill the rat!
A frilled lizard comes into view.
Found 2 white potions.
A frilled lizard is nearby!
A frilled lizard is nearby!
You roll towards the frilled lizard!
You roll towards the frilled lizard!
You barely miss the frilled lizard. The frilled lizard barely misses you.
You closely miss the frilled lizard.
The frilled lizard bites you but does no damage.
You block the frilled lizard's attack.
You barely miss the frilled lizard.
The frilled lizard bites you but does no damage.
You hit the frilled lizard.
The frilled lizard is severely wounded.
The frilled lizard barely misses you.
You miss the frilled lizard. You tail-slap the frilled lizard.
You kill the frilled lizard!
Found a stone staircase leading down.
e - 2 white potions
There is a stone staircase leading down here.
f - a scroll labelled LIAGRO YTHI A ball python comes into view.
A ball python is nearby!
A ball python is nearby!
You barely miss the ball python. The ball python closely misses you. x2
You hit the ball python.
The ball python is severely wounded.
The ball python bites you.
You hit the ball python.
You kill the ball python!
No target in view!
No target in view!
Are you sure you want to abandon this character and quit the game? (Confirm with "yes".)

#.........#
+.........'
#.........#
##.......##
##.....#.. ##
##...##.# .#
#######'###.#
####.###.........#.#
#..@.....#####.#.#.#
#.##.###.........#.#
#.##.###..###....#.#
#.##.............#>#
#.######..##.....#
#.# #.....#...#
#.######..##.......
#...>.....#####.####
#########.# .#


There were no monsters in sight!

Vanquished Creatures
  A ball python (D:1)
  A bat (D:1)
  A frilled lizard (D:1)
  A rat (D:1)
4 creatures vanquished.

Notes
Turn   | Place    | Note
-------+----------+-------------------------------------------
     0 | D:1      | Maratek the Armataur Fighter began the quest for the Orb.
     0 | D:1      | Reached XP level 1. HP: 19/19 MP: 1/1
     0 | D:1      | Upgraded the game from 0.31-a0-626-g8143ab4f1d to
                  | 0.31-a0-654-gbe3e110b4e
   141 | D:1      | Quit the game

Illustrated notes

Levels and vault maps discovered:
D:1:      dpeg_arrival_rhombi, layout_loops_corners, st_stairs_1

Action                     || total
---------------------------++-------
  Melee: Rapier            ||    12
         Tailslap          ||     2
 Armour: Scale mail        ||     5
  Dodge: Dodged            ||     6
  Block: Buckler           ||     1

Table legend: (Time is in decaauts)
 A = Elapsed time spent in this place.
 B = Non-inter-level travel time spent in this place.
 C = Inter-level travel time spent in this place.
 D = Time resting spent in this place.
 E = Time spent auto-exploring this place.
 F = Levels seen in this place.
 G = Mean time per level.
                   A        B        C        D        E       F      G
               +--------+--------+--------+--------+--------+-----+--------+
         Total |    143 |    143 |      0 |      0 |    109 |   1 |  143.0 |
       Dungeon |    143 |    143 |      0 |      0 |    109 |   1 |  143.0 |
               +--------+--------+--------+--------+--------+-----+--------+

Top non-repeatable levels by time:
     D:1: 143 daAuts
